PA
WALLA WALLA WALLEYE @ DELAWARE 1787 BC
07/21/2037
 
TOP OF THE 1ST
Walla Walla Walleye batting - Pitching for Delaware 1787 BC : RHP Malcolm Bullard
Pitching: RHP Malcolm Bullard
Batting: SHB John Hawley 0-0: SINGLE (Flyball, 7LS, EV 93.1 MPH)
Batting: LHB Cameron Woolever 0-0: Called Strike
0-1: Ball
1-1: Fielders Choice at 2nd, 4-6 (Groundball, 4, EV 86.2 MPH)
Batting: LHB Mauro López 0-0: Ball
1-0: Foul Ball, location: 2F
1-1: Ball
2-1: Called Strike
2-2: Foul Ball, location: 2F
2-2: Ball
3-2: Strikes out swinging
Batting: RHB Brad Hargrove 0-0: Ball
1-0: Called Strike
1-1: Fielders Choice at 2nd, 5-4 (Groundball, 5, EV 82.5 MPH)
Top of the 1st over - 0 runs, 1 hit, 0 errors, 1 left on base; Walla Walla 0 - Delaware 0
BOTTOM OF THE 1ST
Delaware 1787 BC batting - Pitching for Walla Walla Walleye : RHP Alex Edgar
Pitching: RHP Alex Edgar
Batting: LHB David de Meij 0-0: Fly out, F4 (Flyball, 34D, EV 76.2 MPH)
Batting: RHB Yong-ho Jheon 0-0: Ball
1-0: Ball
2-0: Ball
3-0: Called Strike
3-1: Ground out 5-3 (Groundball, 56, EV 104.4 MPH)
Batting: SHB John Clements 0-0: Ball
1-0: Ball
2-0: Ball
3-0: Called Strike
3-1: Base on Balls
Batting: LHB Tim Gonzáles 0-0: Called Strike
0-1: Called Strike
John Clements steals 2nd base (no throw)
0-2: Foul Ball, location: 2F
0-2: Ball
1-2: Ball
2-2: SINGLE (Groundball, 6MD, EV 104.4 MPH)
John Clements to third
Runner from 3rd tries for Home, SAFE, no throw by CF
Batting: LHB Ken Norris 0-0: Called Strike
0-1: Ball
1-1: Fly out, F7 (Line Drive, 7, EV 85.6 MPH)
Bottom of the 1st over - 1 run, 1 hit, 0 errors, 1 left on base; Walla Walla 0 - Delaware 1
TOP OF THE 2ND
Walla Walla Walleye batting - Pitching for Delaware 1787 BC : RHP Malcolm Bullard
Batting: LHB Luis Arroyo 0-0: Ball
1-0: Ball
2-0: SINGLE (Groundball, 4MD, EV 98.1 MPH)
Batting: RHB Anthon Oort 0-0: Called Strike
0-1: Swinging Strike
Luis Arroyo is caught stealing 2nd base 2-4
0-2: Ball
1-2: SINGLE (Flyball, 9LM, EV 88.1 MPH)
Batting: RHB Phil van Oosterom 0-0: Called Strike
0-1: Foul Ball, location: 2F
0-2: SINGLE (Line Drive, 89S, EV 106.2 MPH)
Anthon Oort to second
Batting: RHB David Stone 0-0: Ball
1-0: Swinging Strike
1-1: Foul Ball, location: 2F
1-2: Fly out, F4 (Popup, 3S, EV 80.6 MPH)
Batting: RHB Sehinsah Al-Fanari 0-0: Called Strike
0-1: Called Strike
0-2: Foul Ball, location: 2F
0-2: Ball
1-2: SINGLE (Groundball, 6D, EV 108.1 MPH)
Anthon Oort to third
Phil van Oosterom to second
Runner from 3rd tries for Home, SAFE, throw by LF to home
Batting: SHB John Hawley 0-0: Ground out U3 (Groundball, 3L, EV 99.4 MPH)
Top of the 2nd over - 1 run, 4 hits, 0 errors, 2 left on base; Walla Walla 1 - Delaware 1
BOTTOM OF THE 2ND
Delaware 1787 BC batting - Pitching for Walla Walla Walleye : RHP Alex Edgar
Batting: RHB Abhipala Srivastav 0-0: Called Strike
0-1: SINGLE (Line Drive, 4D, EV 101.9 MPH)
Batting: SHB Elvis Parker 0-0: Foul Ball, location: 2F
0-1: Fly out, F7 (Flyball, 7S, EV 81.2 MPH)
Batting: RHB Trevor Boele 0-0: Ball
1-0: Called Strike
1-1: Fly out, F9 (Flyball, 9LD, EV 111.2 MPH)
Batting: RHB Myron Richardson 0-0: Ball
1-0: Foul Ball, location: 2F
1-1: Ball
2-1: Ball
3-1: Swinging Strike
3-2: Foul Ball, location: 2F
3-2: Ground out 4-3 (Groundball, 4M, EV 81.2 MPH)
Bottom of the 2nd over - 0 runs, 1 hit, 0 errors, 1 left on base; Walla Walla 1 - Delaware 1
TOP OF THE 3RD
Walla Walla Walleye batting - Pitching for Delaware 1787 BC : RHP Malcolm Bullard
Batting: LHB Cameron Woolever 0-0: Ball
1-0: Called Strike
1-1: SINGLE (Groundball, 4MD, EV 99.4 MPH)
Batting: LHB Mauro López 0-0: Called Strike
0-1: Ball
1-1: Foul Ball, location: 2F
1-2: Foul Ball, location: 2F
1-2: Ball
2-2: Fielders Choice at 2nd, 5-4 (Groundball, 5, EV 83.8 MPH)
Batting: RHB Brad Hargrove 0-0: Ball
1-0: Fly out, F7 (Flyball, 7D, EV 87.5 MPH)
Batting: LHB Luis Arroyo Pickoff Throw to First - Out! 1-3
Top of the 3rd over - 0 runs, 1 hit, 0 errors, 0 left on base; Walla Walla 1 - Delaware 1
BOTTOM OF THE 3RD
Delaware 1787 BC batting - Pitching for Walla Walla Walleye : RHP Alex Edgar
Batting: LHB David de Meij 0-0: SINGLE (Groundball, 56, EV 104.4 MPH)
Batting: RHB Yong-ho Jheon 0-0: Ball
1-0: Foul Ball, location: 2F
1-1: Called Strike
1-2: Fly out, F3 (Popup, 3SF, EV 78.1 MPH)
Batting: SHB John Clements 0-0: Called Strike
0-1: Called Strike
0-2: Ball
1-2: Ball
2-2: Ball
3-2: Foul Ball, location: 2F
3-2: Foul Ball, location: 2F
3-2: Base on Balls
David de Meij to second
Batting: LHB Tim Gonzáles 0-0: Foul Ball, location: 2F
0-1: Swinging Strike
0-2: Foul Ball, location: 2F
0-2: Ball
1-2: Strikes out swinging
Batting: LHB Ken Norris 0-0: Called Strike
0-1: Ball
1-1: Fly out, F8 (Flyball, 8LS, EV 89.4 MPH)
Bottom of the 3rd over - 0 runs, 1 hit, 0 errors, 2 left on base; Walla Walla 1 - Delaware 1
TOP OF THE 4TH
Walla Walla Walleye batting - Pitching for Delaware 1787 BC : RHP Malcolm Bullard
Batting: LHB Luis Arroyo 0-0: SINGLE (Groundball, 4, EV 93.1 MPH) (infield hit)
Batting: RHB Anthon Oort 0-0: Ball
Wild Pitch!
Luis Arroyo to second
1-0: Ball
2-0: Ball
3-0: Base on Balls
Batting: RHB Phil van Oosterom 0-0: Ball
1-0: Foul Ball, location: 2F
1-1: Ball
2-1: Fielders Choice at 2nd, 4-6 (Groundball, 4, EV 106.2 MPH)
Luis Arroyo to third
Batting: RHB David Stone 0-0: Foul Ball, location: 2F
0-1: Ball
1-1: Foul Ball, location: 2F
1-2: Ball
2-2: Foul Ball, location: 2F
2-2: Ball
3-2: Ground out 6-3 (Groundball, 6MS, EV 83.8 MPH)
Luis Arroyo scores
Phil van Oosterom to second
Batting: RHB Sehinsah Al-Fanari 0-0: Ball
1-0: Swinging Strike
1-1: SINGLE (Line Drive, 78M, EV 101.9 MPH)
Phil van Oosterom to third
Batting: SHB John Hawley 0-0: Called Strike
0-1: Ball
1-1: Ball
2-1: Swinging Strike
2-2: Ground out 4-3 (Groundball, 34D, EV 88.1 MPH)
Top of the 4th over - 1 run, 2 hits, 0 errors, 2 left on base; Walla Walla 2 - Delaware 1
BOTTOM OF THE 4TH
Delaware 1787 BC batting - Pitching for Walla Walla Walleye : RHP Alex Edgar
Batting: RHB Abhipala Srivastav 0-0: Ball
1-0: SINGLE (Groundball, 56, EV 100.0 MPH) (infield hit)
Batting: SHB Elvis Parker 0-0: Ball
1-0: Ball
2-0: SINGLE (Groundball, 34D, EV 109.4 MPH)
Abhipala Srivastav to second
Runner from 2nd tries for 3rd, SAFE, throw by RF made to third
Batting: RHB Trevor Boele 0-0: SINGLE (Groundball, 6D, EV 100.0 MPH)
Abhipala Srivastav scores
Elvis Parker to second
Batting: RHB Myron Richardson 0-0: Called Strike
0-1: Ball
1-1: Called Strike
1-2: Ball
2-2: Strikes out swinging
Batting: LHB David de Meij 0-0: Ball
1-0: Ball
2-0: Ball
3-0: Called Strike
3-1: Fly out, F4 (Popup, 4M, EV 55.0 MPH)
Batting: RHB Yong-ho Jheon 0-0: Fly out, F6 (Popup, 6M, EV 73.8 MPH)
Bottom of the 4th over - 1 run, 3 hits, 0 errors, 2 left on base; Walla Walla 2 - Delaware 2
TOP OF THE 5TH
Walla Walla Walleye batting - Pitching for Delaware 1787 BC : RHP Malcolm Bullard
Batting: LHB Cameron Woolever 0-0: Ball
1-0: Ground out 5-3 (Groundball, 5, EV 76.2 MPH)
Batting: LHB Mauro López 0-0: Ball
1-0: Fly out, F9 (Flyball, 89S, EV 81.2 MPH)
Batting: RHB Brad Hargrove 0-0: Foul Ball, location: 2F
0-1: Swinging Strike
0-2: Strikes out swinging
Top of the 5th over - 0 runs, 0 hits, 0 errors, 0 left on base; Walla Walla 2 - Delaware 2
BOTTOM OF THE 5TH
Delaware 1787 BC batting - Pitching for Walla Walla Walleye : RHP Alex Edgar
Batting: SHB John Clements 0-0: Called Strike
0-1: Ball
1-1: Ball
2-1: Ball
3-1: Foul Ball, location: 2F
3-2: Ground out 4-3 (Groundball, 4, EV 79.4 MPH)
Batting: LHB Tim Gonzáles 0-0: Ball
1-0: Foul Ball, location: 2F
1-1: SOLO HOME RUN (Flyball, 9LD, EV 110.0 MPH), Distance : 348 ft
Batting: LHB Ken Norris 0-0: SINGLE (Line Drive, 5D, EV 93.8 MPH)
Batting: RHB Abhipala Srivastav 0-0: Ball
1-0: Foul Ball, location: 2F
1-1: Swinging Strike
1-2: Ball
2-2: Grounds into double play, 6-4-3 (Groundball, 6MS, EV 90.6 MPH)
Bottom of the 5th over - 1 run, 2 hits, 0 errors, 0 left on base; Walla Walla 2 - Delaware 3
TOP OF THE 6TH
Walla Walla Walleye batting - Pitching for Delaware 1787 BC : RHP Malcolm Bullard
Batting: LHB Luis Arroyo 0-0: Foul Ball, location: 2F
0-1: Ball
1-1: Called Strike
1-2: Strikes out swinging
Batting: RHB Anthon Oort 0-0: Foul Ball, location: 2F
0-1: Ball
1-1: Ball
2-1: Swinging Strike
2-2: Strikes out swinging, 2-3 out at first.
Batting: RHB Phil van Oosterom 0-0: Ball
1-0: Called Strike
1-1: Called Strike
1-2: Strikes out swinging
Top of the 6th over - 0 runs, 0 hits, 0 errors, 0 left on base; Walla Walla 2 - Delaware 3
BOTTOM OF THE 6TH
Delaware 1787 BC batting - Pitching for Walla Walla Walleye : RHP Alex Edgar
Pitching: RHP Manny Crespo
Batting: SHB Elvis Parker 0-0: Called Strike
0-1: Ball
1-1: SINGLE (Line Drive, 89S, EV 110.6 MPH)
Batting: RHB Trevor Boele 0-0: Bunted foul
0-1: Bunt missed!
0-2: Ball
1-2: Ball
2-2: Foul Ball, location: 2F
2-2: Ball
3-2: Strikes out swinging
Batting: RHB Myron Richardson 0-0: Ball
1-0: Foul Ball, location: 2F
1-1: Ball
2-1: Ball
3-1: Fielders Choice at 2nd, 2-6 (Groundball, 13S, EV 68.1 MPH)
Batting: LHB David de Meij 0-0: Foul Ball, location: 2F
0-1: Swinging Strike
0-2: Ball
1-2: Ball
2-2: Strikes out swinging
Bottom of the 6th over - 0 runs, 1 hit, 0 errors, 1 left on base; Walla Walla 2 - Delaware 3
TOP OF THE 7TH
Walla Walla Walleye batting - Pitching for Delaware 1787 BC : RHP Malcolm Bullard
Batting: RHB David Stone 0-0: Ball
1-0: Called Strike
1-1: Ball
2-1: Ball
3-1: Foul Ball, location: 2F
3-2: DOUBLE (Line Drive, 8RD, EV 104.4 MPH)
Pitching: RHP Peter Routledge
Batting: RHB Sehinsah Al-Fanari 0-0: Called Strike
0-1: Called Strike
0-2: Ball
1-2: Strikes out looking
Batting: SHB John Hawley 0-0: Called Strike
0-1: Ball
1-1: Called Strike
1-2: Strikes out looking
Batting: LHB Cameron Woolever 0-0: Called Strike
0-1: Ball
1-1: SINGLE (Flyball, 7LS, EV 90.0 MPH)
David Stone to third
Runner from 3rd tries for Home, throw by LF and OUT! 7-2
Top of the 7th over - 0 runs, 2 hits, 0 errors, 1 left on base; Walla Walla 2 - Delaware 3
BOTTOM OF THE 7TH
Delaware 1787 BC batting - Pitching for Walla Walla Walleye : RHP Manny Crespo
Batting: RHB Yong-ho Jheon 0-0: Called Strike
0-1: Called Strike
0-2: Ball
1-2: Strikes out looking
Batting: SHB John Clements 0-0: Ball
1-0: Ball
2-0: Called Strike
2-1: Ball
3-1: Base on Balls
Pitching: LHP Joe Smith
Batting: LHB Tim Gonzáles 0-0: Called Strike
0-1: Ball
1-1: SINGLE (Groundball, 56D, EV 98.1 MPH)
John Clements to second
Batting: LHB Ken Norris 0-0: Foul Ball, location: 2F
0-1: Called Strike
0-2: Ball
1-2: Ball
2-2: Ball
3-2: Foul Ball, location: 2F
3-2: Strikes out swinging
Tim Gonzáles is caught stealing 2nd base 2-6
John Clements steals 3rd base
Batter strikes out.
Bottom of the 7th over - 0 runs, 1 hit, 0 errors, 1 left on base; Walla Walla 2 - Delaware 3
TOP OF THE 8TH
Walla Walla Walleye batting - Pitching for Delaware 1787 BC : RHP Peter Routledge
Batting: LHB Mauro López 0-0: Ground out 4-3 (Groundball, 34, EV 91.2 MPH)
Batting: RHB Brad Hargrove 0-0: Foul Ball, location: 2F
0-1: Foul Ball, location: 2F
0-2: Ball
1-2: Strikes out swinging
Batting: LHB Luis Arroyo 0-0: Called Strike
0-1: Foul Ball, location: 2F
0-2: DOUBLE (Line Drive, 89XD, EV 101.9 MPH)
Batting: RHB Anthon Oort 0-0: Swinging Strike
0-1: Reached on error, E4 (Groundball, 4, EV 82.5 MPH)
Luis Arroyo to third
Batting: RHB Phil van Oosterom 0-0: Ball
1-0: Foul Ball, location: 2F
1-1: Swinging Strike
1-2: Hit by Pitch
Anthon Oort to second
Batting: RHB David Stone 0-0: Ball
1-0: Foul Ball, location: 2F
1-1: Ball
2-1: Fly out, F6 (Popup, 6, EV 56.9 MPH)
Top of the 8th over - 0 runs, 1 hit, 1 error, 3 left on base; Walla Walla 2 - Delaware 3
BOTTOM OF THE 8TH
Delaware 1787 BC batting - Pitching for Walla Walla Walleye : LHP Joe Smith
Batting: RHB Abhipala Srivastav 0-0: Ball
1-0: Foul Ball, location: 2F
1-1: Foul Ball, location: 2F
1-2: Foul Ball, location: 2F
1-2: Strikes out swinging
Batting: SHB Elvis Parker 0-0: Called Strike
0-1: Ball
1-1: Ball
2-1: Ball
3-1: Base on Balls
Batting: RHB Trevor Boele 0-0: Ball
1-0: Swinging Strike
1-1: Fly out, F8 (Line Drive, 8RM, EV 86.2 MPH)
Batting: RHB Myron Richardson 0-0: Called Strike
0-1: Ground out 4-3 (Groundball, 4, EV 91.9 MPH)
Bottom of the 8th over - 0 runs, 0 hits, 0 errors, 1 left on base; Walla Walla 2 - Delaware 3
TOP OF THE 9TH
Walla Walla Walleye batting - Pitching for Delaware 1787 BC : RHP Peter Routledge
Pitching: LHP Ales Kretky
Now at 2B: Marc Cadiou
Now in LF: Gene Payne
Batting: RHB Sehinsah Al-Fanari 0-0: Ball
1-0: Ground out 6-3 (Groundball, 56, EV 86.9 MPH)
Pinch Hitting: RHB Gregory Davis 0-0: Ball
1-0: Ball
2-0: Fly out, F8 (Flyball, 8LD, EV 98.1 MPH)
Batting: LHB Cameron Woolever 0-0: Called Strike
0-1: Ball
1-1: Ball
2-1: Foul Ball, location: 2F
2-2: Strikes out swinging
Top of the 9th over - 0 runs, 0 hits, 0 errors, 0 left on base; Walla Walla 2 - Delaware 3
Thursday, January 23rd, 2020 - OOTP Baseball 20.8 Build 74